 Dungeon Crawl Stone Soup version 0.28-a0-1555-g9ae15a6949 (webtiles) character file.

Game seed: 16791728914986684878

77 sbbq2022 the Skirmisher (level 4, -9/35 HPs)
             Began as a Demonspawn Fighter on Jan 18, 2022.
             Mangled by an ogre (26 damage)
             ... on level 3 of the Dungeon.
             The game lasted 00:02:44 (2079 turns).

sbbq2022 the Skirmisher (Demonspawn Fighter)        Turns: 2079, Time: 00:02:45

Health: -9/35      AC:  6    Str: 16    XL:     4   Next: 13%
Magic:  4/4        EV:  9    Int: 11    God:
Gold:   76         SH:  8    Dex: 13    Spells: 3/3 levels left

rFire   . . .      SeeInvis .   a - +0 rapier
rCold   . . .      Faith    .   c - +0 buckler
rNeg    . . .      Spirit   .   b - +0 scale mail
rPois   .          Reflect  .   (no helmet)
rElec   .          Harm     .   (no cloak)
rCorr   .          Rampage  .   (no gloves)
Will    .....                   (no boots)
Stlth   ..........              (no amulet)
HPRegen 0.11/turn               (no ring)
MPRegen 0.09/turn               (no ring)

@: no status effects
A: claws 1, large bone plates 1, demonic guardian 1
a: no special abilities


You were on level 3 of the Dungeon.
You visited 1 branch of the dungeon, and saw 3 of its levels.

You collected 76 gold pieces.

Inventory:

Hand Weapons
 a - a +0 rapier (weapon)
Armour
 b - a +0 scale mail (worn)
 c - a +0 buckler (worn)
Scrolls
 g - 3 scrolls of identify {unknown}
 i - 2 scrolls of acquirement {unknown}
 j - a scroll of amnesia {unknown}
Potions
 d - a potion of might
 e - 2 potions of brilliance {unknown}
 f - a potion of invisibility {unknown}
 h - a potion of degeneration {unknown}
 k - a potion of curing {unknown}


   Skills:
 + Level 3.5 Fighting
 * Level 2.7 Short Blades
 + Level 3.0 Armour
 + Level 1.1 Dodging
 + Level 3.0 Shields


You had 3 spell levels left.
You didn't know any spells.
Your spell library was empty.

Dungeon Overview and Level Annotations

Branches:
Dungeon (3/15)

Altars:


Innate Abilities, Weirdness & Mutations

You have sharp fingernails.
You are partially covered in large bone plates. (SH +4)
A weak demonic guardian rushes to your aid.


Message History

You hear the rusting of a very distant drain.
The endoplasm freezes you.
You are frozen.
* * * LOW HITPOINT WARNING * * *
A demonic guardian appears!
You hit the endoplasm.
You kill the endoplasm!
You see here a hobgoblin corpse.
Found a red potion.
k - a red potion Your shadow imp disappears in a puff of smoke!
Found a stone staircase leading down.
Found a scroll labelled FIARET KILY.
Found a stone staircase leading up.
A worm comes into view.
There is a stone staircase leading up here.
You hear the rusting of a very distant drain.
The worm bites you but does no damage.
You hit the worm.
The worm is lightly wounded.
You hit the worm.
The worm is moderately wounded.
The worm closely misses you.
You hit the worm.
The worm is heavily wounded.
The worm bites you but does no damage.
You barely miss the worm.
The worm is heavily wounded.
You hit the worm.
The worm is severely wounded.
You block the worm's attack.
You puncture the worm!
You kill the worm!
You hear the brisk rusting of a very distant drain.
Found a barding.
An ogre comes into view. It is wielding a +0 giant club.
The ogre shouts!
The ogre hits you with a +0 giant club!!
Ouch! That really hurt!
You die...

##.##
#........#
#.#
#........#
#.#
#####.####
#+# #.#
#.# ###.#
##.#.#
####..O.#
+......@#
####...##
##.. ##.
.. .. #..
#..


You could see an ogre.

Vanquished Creatures
  An orc priest (D:3)
  4 worms
  An orc (D:3)
  A ball python (D:2)
  3 endoplasms
  A giant cockroach (D:2)
  2 goblins
  6 hobgoblins
  A kobold (D:1)
  A quokka (D:2)
  6 bats
  4 rats
31 creatures vanquished.

Vanquished Creatures (collateral kills)
  An orc (D:3)
  A bat (D:3)
2 creatures vanquished.

Grand Total: 33 creatures vanquished

Notes
Turn   | Place    | Note
-------+----------+-------------------------------------------
     0 | D:1      | sbbq2022 the Demonspawn Fighter began the quest for the
                  | Orb.
     0 | D:1      | Reached XP level 1. HP: 18/18 MP: 1/1
   367 | D:1      | Found a faded altar of an unknown god.
   794 | D:2      | Gained mutation: You are partially covered in large bone
                  | plates. (SH +4) [demonic ancestry]
   794 | D:2      | Reached XP level 2. HP: 22/24 MP: 2/2
  1711 | D:3      | Gained mutation: A weak demonic guardian rushes to your
                  | aid. [demonic ancestry]
  1711 | D:3      | Reached XP level 3. HP: 22/29 MP: 3/3
  1822 | D:3      | Reached skill level 1 in Dodging
  1935 | D:3      | Gained mutation: You have sharp fingernails. [demonic
                  | ancestry]
  1935 | D:3      | Reached XP level 4. HP: 16/35 MP: 4/4
  2078 | D:3      | Noticed an ogre
  2079 | D:3      | Mangled by an ogre

Illustrated notes

Levels and vault maps discovered:
D:1:      dpeg_arrival_prison, layout_basic, shapermc_ecumenical_altar_venn,
          minmay_liquid_box
D:2:      layout_loops_cross, minmay_tromino_v2
D:3:      layout_loops_corners, gup_sewer_entry_bowl, uniq_terence

Skill      XL: |  1  2  3 |
---------------+----------+-----
Short Blades   | 2 |  2.7
Armour         | 3 |  3.0
Dodging        | 1 |  1.1
Shields        | 3 |  3.0
Fighting       | |  3.5

Action                   |  1- 3 |  4- 6 || total
-------------------------+-------+-------++-------
Melee: Rapier            |   120 |    15 ||   135
Armor: Scale mail        |    54 |     2 ||    56
Dodge: Dodged            |    46 |     1 ||    47
Block: Buckler           |    55 |     3 ||    58

Table legend: (Time is in decaauts)
 A = Elapsed time spent in this place.
 B = Non-inter-level travel time spent in this place.
 C = Inter-level travel time spent in this place.
 D = Time resting spent in this place.
 E = Time spent auto-exploring this place.
 F = Levels seen in this place.
 G = Mean time per level.
                   A        B        C        D        E       F      G
               +--------+--------+--------+--------+--------+-----+--------+
         Total |   2097 |   2080 |     17 |    243 |   1342 |   3 |  699.0 |
       Dungeon |   2097 |   2080 |     17 |    243 |   1342 |   3 |  699.0 |
               +--------+--------+--------+--------+--------+-----+--------+

Top non-repeatable levels by time:
     D:1: 911 daAuts
     D:2: 794 daAuts
     D:3: 390 daAuts
